 Dungeon Crawl Stone Soup version 0.15.0-12-gccce430 (webtiles) character file.

173 CrazyArbalest the Bolt Thrower (level 5, -8/37 HPs)
             Began as a Demonspawn Hunter on Sept 1, 2014.
             Mangled by hackum's ghost (11 damage)
             ... in an ossuary.
             The game lasted 00:29:11 (3121 turns).

CrazyArbalest the Bolt Thrower (Demonspawn Hunter)  Turns: 3121, Time: 00:29:11

HP  -8/37        AC  6     Str 13      XL: 5   Next: 28%
MP   5/5         EV 12     Int 12      God:
Gold 210         SH  0     Dex 14      Spells:  0 memorised,  4 levels left

rFire  . . .     SeeInvis .     b - +1 hand crossbow
rCold  . . .     Clarity  .     d - +0 leather armour
rNeg   . . .     rCorr    .     (no shield)
rPois  .         rRot     .     (no helmet)
rElec  .         Spirit   .     m - +0 cloak
SustAb .         Warding  .     (no gloves)
rMut   .         Stasis   .     (no boots)
Gourm  .                        (no amulet)
MR     .....                    (no ring)
                                (no ring)

@: very slightly contaminated, not resistant to hostile enchantments, very
unstealthy
A: thin metallic scales 1, powered by death 1
a: no special abilities


You were in an ossuary.
You were not hungry.

You visited 1 branch of the dungeon, and saw 4 of its levels.
You also visited: Ossuary.

You collected 210 gold pieces.

Inventory:

Hand weapons
 a - a +0 whip
 b - a +1 hand crossbow (weapon)
 y - a +0 mace
 F - a +0 flail
Missiles
 k - 37 bolts (quivered)
Armour
 d - a +0 leather armour (worn)
 m - a +0 cloak (worn)
 H - a steam dragon hide
Magical devices
 l - a wand of frost (24) {unknown}
Comestibles
 f - 3 bread rations
 i - 2 beef jerkies
 A - 7 fruits
 B - a royal jelly
Scrolls
 h - 3 scrolls of enchant weapon
 j - a scroll of blinking
 p - 2 scrolls of remove curse
 r - 2 scrolls of immolation
 D - a scroll of magic mapping {unknown}
Potions
 n - a potion of degeneration {unknown}
 s - a potion of cure mutation {unknown}
 u - a potion of resistance {unknown}
 v - a potion of heal wounds {unknown}
 C - 2 potions of flight {unknown}
Books
 z - a book of Envenomations

   Spells                             Type                      Level
   Spider Form                        Transmutation/Poison         3
   Alistair's Intoxication            Transmutation/Poison         4
   Olgreb's Toxic Radiance            Poison                       4
   Poisonous Cloud                    Conjuration/Poison/Air       6


   Skills:
 + Level 1.3 Fighting
 * Level 1.3 Maces & Flails
 * Level 4.4 Crossbows
 + Level 1.8 Armour
 + Level 3.1 Dodging
 + Level 1.0 Stealth


You had 4 spell levels left.
You didn't know any spells.

Dungeon Overview and Level Annotations

Branches:
Dungeon (4/15)
 Temple: D:4-7

Altars:
Fedhas
Zin

Annotations:
D:2 Sigmund
D:3 Terence Ossuary hackum's ghost, experienced DgFi


Innate Abilities, Weirdness & Mutations

You are partially covered in thin metallic scales (AC +2).
You can steal the life force of nearby defeated enemies.


Message History

Your +1 hand crossbow glows bright brown for a moment.
It was a scroll of random uselessness.
Read which item? (? for menu, Esc to quit)
As you read the scroll labeled PSOVEVV RIORPHE, it crumbles to dust.
The scroll dissolves into smoke.
It was a scroll of fog.
Hackum's ghost barely misses you.
Read which item? (? for menu, Esc to quit)
As you read the scroll labeled KLUWAA DINGU, it crumbles to dust.
It is a scroll of recharging.
Charge which item? (? for menu, Esc to quit)
Your runed fluorescent wand glows for a moment.
Hackum's ghost hits you!
* * * LOW HITPOINT WARNING * * *
Read which item? (? for menu, Esc to quit)
Okay, then.
Read which item? (? for menu, Esc to quit)
As you read the scroll labeled BRE CIUPNI, it crumbles to dust.
You assume a fearsome visage.
Hackum's ghost is unaffected.
It was a scroll of fear.
Hackum's ghost hits you!
You die...

##..####..##
##..######..##
##..##..§§##.^##
##..##..##§§##..##
##..##.W####§§##..##
#^.##..######§§##..##
^.##..##....##§§##..##
.##..##..##..##W.##..##
##..##..####..##@.##..##
#..##..## ##..##..##^.##
..##..## ##..##..##..##
.##..## ##..##..##.^##
##..## ##..##..##..##
#..## ##..##..##..## ..#
##..##..##..## .#
##W.##..##..## .
##..##..##..##


You could see hackum's ghost.

Vanquished Creatures
  An iguana (D:3)
  2 adders
  3 gnolls (D:2)
  2 worms (D:2)
  2 giant geckos (D:2)
  An ooze (D:1)
  An orc (D:3)
  5 bats
  4 giant cockroaches
  2 gnoll zombies (Ossuary)
  8 hobgoblins
  2 jackals (D:2)
  12 kobolds
  2 quokkas
  3 ball pythons
  4 giant newts
  3 gnoll skeletons (Ossuary)
  9 goblins
  2 goblin skeletons (Ossuary)
  A goblin zombie (Ossuary)
  4 hobgoblin skeletons (Ossuary)
  3 hobgoblin zombies (Ossuary)
  2 kobold skeletons (Ossuary)
  3 kobold zombies (Ossuary)
  3 orc skeletons (Ossuary)
  6 orc zombies (Ossuary)
  5 rats
  A rat skeleton (Ossuary)
  A rat zombie (Ossuary)
97 creatures vanquished.

Vanquished Creatures (others)
  A gnoll skeleton (Ossuary)
  2 goblin skeletons (Ossuary)
  3 goblin zombies (Ossuary)
  3 hobgoblin zombies (Ossuary)
  3 kobold skeletons (Ossuary)
  2 orc skeletons (Ossuary)
  2 orc zombies (Ossuary)
  2 rat skeletons (Ossuary)
  A rat zombie (Ossuary)
19 creatures vanquished.

Grand Total: 116 creatures vanquished

Notes
Turn   | Place    | Note
--------------------------------------------------------------
     0 | D:1      | CrazyArbalest, the Demonspawn Hunter, began the quest for the Orb.
     0 | D:1      | Reached XP level 1. HP: 15/15 MP: 1/1
   114 | D:1      | Reached skill level 4 in Crossbows
   117 | D:1      | Gained mutation: You can steal the life force of nearby defeated enemies. [demonic ancestry]
   117 | D:1      | Reached XP level 2. HP: 21/21 MP: 2/2
   759 | D:2      | HP: 1/21 [giant gecko (5)]
   760 | D:2      | Reached XP level 3. HP: 1/26 MP: 3/3
  1169 | D:2      | Reached skill level 1 in Armour
  1174 | D:2      | Gained mutation: You are partially covered in thin metallic scales (AC +2). [demonic ancestry]
  1174 | D:2      | Reached XP level 4. HP: 32/32 MP: 4/4
  1554 | D:2      | Found a blossoming altar of Fedhas.
  1696 | D:2      | Noticed Sigmund
  1824 | D:2      | Reached skill level 1 in Stealth
  1908 | D:2      | Found a glowing silver altar of Zin.
  2161 | D:3      | Reached skill level 1 in Maces & Flails
  2161 | D:3      | Reached XP level 5. HP: 30/37 MP: 5/5
  2284 | D:3      | Noticed Terence
  2565 | D:4      | Found a sand-covered staircase.
  2605 | Ossuary  | Entered an ossuary
  3040 | Ossuary  | Noticed hackum's ghost (experienced DgFi)
  3096 | Ossuary  | HP: 1/37 [hackum's ghost (13)]
  3121 | Ossuary  | Mangled by hackum's ghost

Action                   |  1- 3 |  4- 6 || total
-------------------------+-------+-------++-------
Melee: Whip              |   116 |   218 ||   334
       Club              |    15 |       ||    15
       Short sword       |     3 |       ||     3
 Fire: Hand crossbow     |    45 |    23 ||    68
  Use: Scroll            |       |    10 ||    10
       Potion            |       |     3 ||     3
  Eat: Chunk             |     1 |     5 ||     6
       Fruit             |       |     2 ||     2
